 Dungeon Crawl Stone Soup version 0.19.4 (webtiles) character file.

91 Jerry the Slasher (level 4, -5/40 HPs)
             Began as a Minotaur Monk on Jan 31, 2017.
             Slain by Jerry's ghost (13 damage)
             ... on level 3 of the Dungeon.
             The game lasted 00:03:15 (1381 turns).

Jerry the Slasher (Minotaur Monk)                   Turns: 1381, Time: 00:03:16

Health: -5/40      AC:  7    Str: 16    XL:     4   Next: 33%
Magic:  3/3        EV: 12    Int:  7    God:
Gold:   212        SH:  0    Dex: 13    Spells: 0 memorised, 3 levels left

rFire  + . .     SeeInvis .     a - +0 falchion
rCold  + . .     Gourm    .     d - +2 ring mail {rC+}
rNeg   . . .     Faith    .     (no shield)
rPois  .         Spirit   .     (helmet restricted)
rElec  .         Reflect  .     (no cloak)
rCorr  .         Harm     .     (no gloves)
MR     .....                    (no boots)
Stlth  +.........               (no amulet)
                                (no ring)
                                t - ring of protection from fire

@: no status effects
A: retaliatory headbutt, horns 2
a: no special abilities


You were on level 3 of the Dungeon.
You were hungry.

You visited 1 branch of the dungeon, and saw 3 of its levels.

You collected 212 gold pieces.

Inventory:

Hand Weapons
 a - a +0 falchion (weapon)
Armour
 b - a +0 robe
 d - a +2 ring mail of cold resistance (worn)
Jewellery
 t - a ring of protection from fire (left hand)
Scrolls
 e - a scroll of random uselessness {unknown}
 h - a scroll of enchant weapon {unknown}
 l - a scroll of blinking {unknown}
 o - a scroll of immolation {unknown}
 p - 2 scrolls of identify {unknown}
 q - a scroll of noise {unknown}
 r - 2 scrolls of amnesia {unknown}
 v - a scroll of remove curse {unknown}
Potions
 g - 2 potions of flight {unknown}
 j - a potion of lignification {unknown}
 m - a potion of brilliance {unknown}
 n - a potion of cancellation {unknown}
 s - a potion of curing {unknown}
 u - a potion of mutation {unknown}
Comestibles
 c - 2 bread rations
 f - 2 royal jellies
 k - 2 meat rations


   Skills:
 + Level 4.3 Fighting
 * Level 4.7 Long Blades
 + Level 1.9 Armour
 + Level 3.9 Dodging
 - Level 1.5 Stealth


You had 3 spell levels left.
You didn't know any spells.

Dungeon Overview and Level Annotations

Branches:
Dungeon (3/15)

Altars:

Annotations:
D:3 Jerry's ghost, amateur OgFi


Innate Abilities, Weirdness & Mutations

You reflexively headbutt those who attack you in melee.
You have a pair of horns on your head.


Message History

Jerry's ghost is heavily damaged.
Jerry's ghost hits you.
You barely miss Jerry's ghost.
Jerry's ghost is heavily damaged.
Jerry's ghost misses you.
You hit Jerry's ghost.
You headbutt Jerry's ghost, but do no damage.
Jerry's ghost is heavily damaged.
Jerry's ghost hits you but does no damage.
You slash Jerry's ghost! You headbutt Jerry's ghost.
Jerry's ghost is severely damaged.
Jerry's ghost hits you!
You hit Jerry's ghost.
Jerry's ghost is severely damaged.
Jerry's ghost hits you!
* * * LOW HITPOINT WARNING * * *
You hit Jerry's ghost but do no damage. You headbutt Jerry's ghost!
Jerry's ghost is almost destroyed.
Jerry's ghost hits you!
You die...

###+#.....'.......# #....##.
#.......###.......# #....##.
#.......###.......# #....##.
#.................###....###
####.......)......##........
##..............##........
#....[.....#....##........
#..........#....##........
#........@.#....######....
#........W.##.....#...####
#.................#...# #
#...###...............# #
#...# #...............# #
#...# #...............# #
.....# #...............####
#.....###...........####....
#...........................


You could see Jerry's ghost.

Vanquished Creatures
  2 adders
  A worm (D:3)
  A dart slug (D:1)
  3 leopard geckos
  10 orcs (D:3)
  7 bats
  6 goblins
  3 hobgoblins
  3 jackals (D:2)
  2 quokkas (D:3)
  A ball python (D:3)
  3 frilled lizards
  3 kobolds
  6 rats
51 creatures vanquished.

Notes
Turn   | Place    | Note
-------+----------+-------------------------------------------
     0 | D:1      | Jerry the Minotaur Monk began the quest for the Orb.
     0 | D:1      | Reached XP level 1. HP: 19/19 MP: 0/0
    69 | D:1      | Reached XP level 2. HP: 27/27 MP: 1/1
   398 | D:1      | Reached skill level 1 in Armour
   448 | D:2      | Reached XP level 3. HP: 33/33 MP: 2/2
  1064 | D:3      | Reached XP level 4. HP: 35/40 MP: 3/3
  1369 | D:3      | Noticed Jerry's ghost (amateur OgFi)
  1381 | D:3      | Slain by Jerry's ghost

Skill      XL: |  1  2 |
---------------+-------+-----
Long Blades    | 4 |  4.7
Armour         | 1 |  1.9
Fighting       | 4 |  4.3
Dodging        | |  3.9
Stealth        | |  1.5

Action                   |  1- 3 |  4- 6 || total
-------------------------+-------+-------++-------
Melee: Falchion          |    70 |    28 ||    98
       Headbutt          |    12 |     8 ||    20
 Stab: Sleeping          |     4 |       ||     4
  Eat: Chunk             |     1 |       ||     1
Armor: Robe              |     3 |       ||     3
       Ring mail         |    19 |    12 ||    31
Dodge: Dodged            |    57 |     9 ||    66
       Rpst.: Falchion   |    18 |     3 ||    21
